 Dungeon Crawl Stone Soup version 0.31-a0-1626-g5cb510d322 (webtiles) character file.

Game seed: 13620443596726276058

136 Ivernyr the Shield-Bearer (level 5, -3/42 HPs)
             Began as a Formicid Fighter on Jan 12, 2024.
             Killed from afar by an orc wizard (8 damage)
             ... with a puff of flame
             ... on level 2 of the Dungeon.
             The game lasted 00:04:03 (1911 turns).

Ivernyr the Shield-Bearer (Formicid Fighter)        Turns: 1911, Time: 00:04:04

Health: -3/42      AC:  8    Str: 22    XL:     5   Next: 43%
Magic:  5/5        EV:  9    Int:  8    God:
Gold:   115        SH:  0    Dex: 16    Spells: 4/4 levels left

rFire   . . .        a - +0 quarterstaff
rCold   . . .        c - +0 buckler
rNeg    . . .        b - +0 scale mail
rPois   .            (helmet unavailable)
rElec   +            (no cloak)
rCorr   +            (no gloves)
SInv    +            n - +0 pair of boots
Will    .....        (no amulet) Stlth
                     k - ring of Sloth {Wiz rElec rCorr Dex+3 Stlth+}
HPRegen 0.27/turn    (no ring)
MPRegen 0.09/turn

%: wizardry (x1)
@: confused
A: permanent stasis, dig shafts and tunnels, antennae 3, four strong arms
a: Dig, Shaft Self


You were on level 2 of the Dungeon.
You visited 1 branch of the dungeon, and saw 3 of its levels.

You collected 115 gold pieces.

Inventory:

Hand Weapons
 a - a +0 quarterstaff (weapon)
Armour
 b - a +0 scale mail (worn)
 c - a +0 buckler (worn)
 n - a +0 pair of boots (worn)
Jewellery
 k - the ring of Sloth (left hand) {Wiz rElec rCorr Dex+3 Stlth+}
   (You found it on level 2 of the Dungeon)

   [ring of wizardry]

   Wiz:       It improves your spell success rate.
   Dex+3:     It affects your dexterity (+3).
   rElec:     It insulates you from electricity.
   rCorr:     It protects you from acid and corrosion.
   Stlth+:    It makes you more stealthy.
Scrolls
 e - a scroll of noise {unknown}
 j - a scroll of teleportation {unknown}
 l - a scroll of identify {unknown}
 m - a scroll of fear {unknown}
Potions
 d - a potion of might
 f - a potion of berserk rage {unknown}
 g - a potion of curing {unknown}
 h - a potion of degeneration {unknown}
 i - a potion of attraction {unknown}
 o - a potion of brilliance {unknown}


   Skills:
 + Level 4.2 Fighting
 + Level 3.0 Staves
 + Level 4.2 Armour
 + Level 5.1 Shields


You had 4 spell levels left.
You didn't know any spells.
Your spell library was empty.

Dungeon Overview and Level Annotations

Branches:
Dungeon (3/15)

Altars:
Gozag


Innate Abilities, Weirdness & Mutations

You cannot be hasted, slowed, berserked, paralysed or teleported.
You can dig through walls and to a lower floor.
You have a pair of large antennae on your head. (SInv)
Your four strong arms can wield two-handed weapons with a shield.


Message History

There is a stone staircase leading up here.
The orc wizard hits you but does no damage.
You barely miss the orc wizard.
The orc wizard hits you but does no damage.
The orc hits you but does no damage.
The orc wizard gestures at you while chanting.
The puff of flame hits you!
* * * LOW HITPOINT WARNING * * *
The orc hits you with a +0 club.
* * * LOW HITPOINT WARNING * * *
You climb upwards.
There is a stone staircase leading down here.
You closely miss the orc wizard. The orc wizard casts a spell at you.
The magic dart hits you.
* * * LOW HITPOINT WARNING * * *
You block the orc's attack. You block the orc wizard's attack.
Unknown command.
You closely miss the orc wizard. The orc hits you but does no damage.
The orc wizard closely misses you.
You miss the orc wizard. The orc hits you with a +0 club.
* * * LOW HITPOINT WARNING * * *
The orc wizard hits you with a +0 dagger.
* * * LOW HITPOINT WARNING * * *
The orc closely misses you.
You completely miss the orc. The orc wizard closely misses you.
The orc hits you with a +0 club.
* * * LOW HITPOINT WARNING * * *
You barely miss the orc. The orc wizard barely misses you.
You block the orc's attack.
The orc wizard hits you but does no damage.
You closely miss the orc. The orc hits you but does no damage.
The orc wizard gestures at you while chanting.
You are confused.
You hit the orc.
The orc is almost dead.
The orc hits you but does no damage.
The orc wizard points at you and mumbles some strange words.
The puff of flame hits you!
You die...

#########
######.......#
#@o..........#
#.o..........#####
#.................
#.....<...........
#(................
#.................
#.................
#.................
#.................


You could see an orc wizard and an orc.

Vanquished Creatures
  6 adders
  2 ribbon worms (D:2)
  2 dart slugs
  2 orcs (D:3)
  7 bats
  2 endoplasms
  4 goblins
  3 hobgoblins
  13 jackals
  5 kobolds
  6 quokkas
  4 ball pythons
  4 frilled lizards
  5 rats
65 creatures vanquished.

Notes
Turn   | Place    | Note
-------+----------+-------------------------------------------
     0 | D:1      | Ivernyr the Formicid Fighter began the quest for the Orb.
     0 | D:1      | Reached XP level 1. HP: 18/18 MP: 1/1
    94 | D:1      | Reached XP level 2. HP: 24/24 MP: 2/2
   250 | D:1      | Reached XP level 3. HP: 29/29 MP: 3/3
   958 | D:2      | Reached XP level 4. HP: 29/37 MP: 4/4
  1237 | D:2      | Found an opulent altar of Gozag.
  1257 | D:2      | Identified the ring of Sloth {Wiz rElec rCorr Dex+3 Stlth+}
  1490 | D:2      | Reached XP level 5. HP: 42/42 MP: 5/5
  1506 | D:2      | Reached skill level 5 in Shields
  1911 | D:2      | Killed from afar by an orc wizard

Illustrated notes

Levels and vault maps discovered:
D:1:      co_arrival_hall_of_pillars, layout_loops_ring
D:2:      minmay_razor_zed, layout_basic, basic_altar
D:3:      layout_loops_ring, lemuel_doored_altar, mainiacjoe_overflow_chevrons,
          minmay_misc_feat_tower, grunt_ministairs_12

Skill      XL: |  1  2  3  4  5 |
---------------+----------------+-----
Armour         | 4 |  4.2
Fighting       | 4 |  4.2
Staves         | 3 |  3.0
Shields        | 5 |  5.1

Action                     |  1- 3 |  4- 6 || total
---------------------------+-------+-------++-------
  Melee: Quarterstaff      |    85 |   120 ||   205
   Stab: Sleeping          |       |     2 ||     2
 Armour: Scale mail        |    60 |    98 ||   158
  Dodge: Dodged            |    40 |    63 ||   103
  Block: Buckler           |    21 |    44 ||    65

Table legend: (Time is in decaauts)
 A = Elapsed time spent in this place.
 B = Non-inter-level travel time spent in this place.
 C = Inter-level travel time spent in this place.
 D = Time resting spent in this place.
 E = Time spent auto-exploring this place.
 F = Levels seen in this place.
 G = Mean time per level.
                   A        B        C        D        E       F      G
               +--------+--------+--------+--------+--------+-----+--------+
         Total |   1951 |   1900 |     51 |     29 |   1330 |   3 |  650.3 |
       Dungeon |   1951 |   1900 |     51 |     29 |   1330 |   3 |  650.3 |
               +--------+--------+--------+--------+--------+-----+--------+

Top non-repeatable levels by time:
     D:2: 993 daAuts
     D:1: 833 daAuts
     D:3: 124 daAuts
